 Dungeon Crawl Stone Soup version 0.19.5 (webtiles) character file.

58414 galech the Severer (level 14, -13/146 HPs)
             Began as a Deep Dwarf Fighter on Mar 14, 2017.
             Was the Champion of Makhleb.
             Mangled by winWinterter's ghost (24 damage)
             ... on level 14 of the Dungeon.
             The game lasted 00:50:43 (16400 turns).

galech the Severer (Deep Dwarf Fighter)            Turns: 16400, Time: 00:50:44

Health: -13/146    AC: 22    Str: 25    XL:     14   Next: 49%
Magic:  0/0        EV: 13    Int:  9    God:    Makhleb [******]
Gold:   1124       SH: 13    Dex: 14    Spells: 0 memorised, 13 levels left

rFire  . . .     SeeInvis +     t - +2 broad axe
rCold  + + .     Gourm    .     T - +5 scale mail "Pautapruwe" {rPois Dex+2 SInv Stlth+}
rNeg   + . .     Faith    .     c - +0 shield
rPois  +         Spirit   .     s - +0 helmet
rElec  .         Reflect  .     A - +2 cloak
rCorr  .         Harm     +     R - +0 pair of gloves
MR     +++..     Rnd*Tele +     u - +0 pair of boots
Stlth  +++.......               Y - amulet of harm
                                k - ring of stealth
                                S - ring of protection from magic

@: non-regenerating
A: damage resistance, recharge devices, claws 1, talons 2, cold resistance 2,
low mp 1, negative energy resistance 1, sense surroundings 2, robust 1,
screaming 1, slow regeneration 3, teleportitis 1, evolution 2
a: Device Recharging, Minor Destruction, Lesser Servant of Makhleb, Major
Destruction, Greater Servant of Makhleb, Renounce Religion


You were on level 14 of the Dungeon.
You worshipped Makhleb.
Makhleb was exalted by your worship.
You were hungry.

You visited 4 branches of the dungeon, and saw 21 of its levels.

You collected 2132 gold pieces.
You spent 1008 gold pieces at shops.

Inventory:

Hand Weapons
 t - a +2 broad axe (weapon)
Armour
 c - a +0 shield (worn)
 s - a +0 helmet (worn)
 u - a +0 pair of boots (worn)
 y - a +3 chain mail of cold resistance
 A - a +2 cloak (worn)
 R - a +0 pair of gloves (worn)
 T - the +5 scale mail "Pautapruwe" (worn) {rPois Dex+2 SInv Stlth+}
   (You found it on level 2 of the Lair of Beasts)

   It affects your dexterity (+2).
   It protects you from poison.
   It lets you see invisible.
   It makes you more stealthy.
 W - a +3 plate armour of fire resistance
Jewellery
 k - a ring of stealth (right hand)
 J - an uncursed ring of ice
 M - an uncursed amulet of rage
 S - a ring of protection from magic (left hand)
 Y - an amulet of harm (around neck)
Wands
 e - a wand of heal wounds (0/9)
 x - a wand of heal wounds (0/9)
 D - a wand of disintegration (13/24)
 U - a wand of lightning (7/15)
 V - a wand of paralysis (15/24)
Scrolls
 i - 6 scrolls of teleportation
 m - 8 scrolls of remove curse
 n - 3 scrolls of amnesia
 p - 2 scrolls of fog
 z - 2 scrolls of recharging
 F - 2 scrolls of fear
 H - a scroll of magic mapping
 I - 2 scrolls of immolation
 K - a scroll of identify
 O - 2 scrolls of blinking
Potions
 d - a potion of magic
 h - 5 potions of resistance {unknown}
 l - 5 potions of flight
 o - 2 potions of cancellation
 q - 8 potions of curing
 w - 4 potions of agility {unknown}
 N - a potion of cure mutation
 Q - 2 potions of brilliance
Books
 a - a book of Fire

   Spells                             Type                      Level
   a - Ignite Poison                  Fire/Transmutation/Poison    3
   b - Fireball                       Conjuration/Fire             5
   c - Bolt of Fire                   Conjuration/Fire             6
   d - Delayed Fireball               Conjuration/Fire             7
   e - Ring of Flames                 Charms/Fire                  7
 r - a book of Cantrips

   Spells                             Type                      Level
   a - Confusing Touch                Hexes                        1
   b - Animate Skeleton               Necromancy                   1
   c - Summon Small Mammal            Summoning                    1
   d - Apportation                    Translocation                1
 C - a book of Necromancy

   Spells                             Type                      Level
   a - Pain                           Necromancy                   1
   b - Animate Skeleton               Necromancy                   1
   c - Vampiric Draining              Necromancy                   3
   d - Regeneration                   Charms/Necromancy            3
   e - Animate Dead                   Necromancy                   4
   f - Control Undead                 Necromancy                   4
 E - a book of Debilitation

   Spells                             Type                      Level
   a - Corona                         Hexes                        1
   b - Slow                           Hexes                        2
   c - Gell's Gravitas                Hexes/Translocation          3
   d - Inner Flame                    Hexes/Fire                   3
   e - Cause Fear                     Hexes                        4
   f - Leda's Liquefaction            Hexes/Earth                  4
 G - a book of Changes

   Spells                             Type                      Level
   a - Beastly Appendage              Transmutation                1
   b - Sticks to Snakes               Transmutation                2
   c - Spider Form                    Transmutation/Poison         3
   d - Ice Form                       Ice/Transmutation            4
   e - Blade Hands                    Transmutation                5
 L - a book of Air

   Spells                             Type                      Level
   a - Shock                          Conjuration/Air              1
   b - Swiftness                      Charms/Air                   2
   c - Repel Missiles                 Charms/Air                   2
   d - Static Discharge               Conjuration/Air              3
   e - Lightning Bolt                 Conjuration/Air              5
 X - a book of Power

   Spells                             Type                      Level
   a - Fulminant Prism                Conjuration/Hexes            4
   b - Iskenderun's Mystic Blast      Conjuration                  4
   c - Venom Bolt                     Conjuration/Poison           5
   d - Bolt of Magma                  Conjuration/Fire/Earth       5
   e - Iron Shot                      Conjuration/Earth            6
   f - Orb of Destruction             Conjuration                  7
   g - Spellforged Servitor           Conjuration/Summoning        7
Comestibles
 b - 19 fruits
 f - 20 bread rations
 g - 2 beef jerkies
 j - 3 slices of pizza
 v - 10 chunks of flesh
 B - 2 royal jellies
 P - 6 meat rations


   Skills:
 + Level 10.9 Fighting
 + Level 17.2 Axes
 + Level 11.2 Armour
 + Level 5.8 Dodging
 + Level 2.9 Stealth
 + Level 12.4 Shields
 + Level 4.2 Evocations


You had 13 spell levels left.
You didn't know any spells.

Dungeon Overview and Level Annotations

Branches:
Dungeon (14/15)            Temple (1/1) D:4            Lair (4/6) D:9
 Shoals (0/4) Lair:2       Spider (0/4) Lair:2          Orc (2/2) D:9
    Elf (0/3) Orc:2        Vaults (0/5) D:13

Altars:
Ashenzari
Cheibriados
Dithmenos
Elyvilon
Fedhas
Gozag
Hepliaklqana
Kikubaaqudgha
Makhleb
Nemelex Xobeh
Okawaru
Qazlal
Ru
Sif Muna
Trog
Uskayaw
Xom
Yredelemnul
The Shining One
Lugonu

Shops:
D:4 [   D:7 :   D:9 (   D:10 !   Orc:2 :([*

Portals:
Bailey: D:14

Annotations:
D:14 winWinterter's ghost, journeyman TrHu


Innate Abilities, Weirdness & Mutations

You are resistant to damage.
You can recharge devices by infusing magical energy.
You resist negative energy. (rN+)
You passively map the area around you.
You do not regenerate.
You have sharp fingernails.
You have razor-sharp toenails.
Your flesh is very cold resistant. (rC++)
Your magical capacity is low. (-10% MP)
You are robust. (+10% HP)
You occasionally shout uncontrollably at your foes.
You are occasionally teleported next to monsters.
You rapidly evolve.


Message History

You feel better.
You are too injured to fight recklessly!
You are too injured to fight recklessly!
You are too injured to fight recklessly!
You are too injured to fight recklessly!
You are too injured to fight recklessly!
You are too injured to fight recklessly!
You are too injured to fight recklessly!
You miss winWinterter's ghost.
You block winWinterter's ghost's attack.
You slash winWinterter's ghost!
WinWinterter's ghost is lightly damaged.
You hit winWinterter's ghost.
WinWinterter's ghost is lightly damaged.
WinWinterter's ghost hits you!!
* * * LOW HITPOINT WARNING * * *
You barely miss winWinterter's ghost.
WinWinterter's ghost is lightly damaged.
WinWinterter's ghost hits you!!
You die...

,,,,,* #(..../...##..+,,,,,,,,
,,,,,*** #...(.....'..#*,,,,,,,,
,,,,,+,* #..(......###**,,,,,,,,
,,,,,*,**##.(((.(...# *,,,,,,,,
,,,,,*....'(........# *,,,,,,,,
******#####......H..# *,,,,,,,, *
#######c### ********+* * ##W#
*,,,,,,,,* ** ##@.# ***+********
.* #..##***,,,,,,,,*** .* #.##
*,+,,,,,,,,+,* .######
######.####,*,,,,,,,,*,* ......#
#.........#,*,,,,,,,,*,*
......####.........#,*,,,,,,,,*,*
.......)##.........#,*,,,,,,,,*,,
......#............#,*,,,,,,,,***
##.#######...........**+*******


You could see a centaur warrior, a hippogriff and winWinterter's ghost.

Vanquished Creatures
  An orc warlord (Orc:2)
  A stone giant (Orc:1)
  The ghost of galech the Cleaver, a journeyman DDFi of Makhleb (D:11)
  A vault guard (D:13)
  7 hydras
  A catoblepas (Lair:3)
  An ogre mage (D:13)
  2 centaur warriors (D:13)
  A death knight (D:14)
  3 orc high priests
  The ghost of galech the Cleaver, a novice DDFi of Makhleb (D:7)
  Nergalle (Orc:1)
  A skeletal warrior (D:14)
  An unseen horror (D:10)
  4 orc knights
  2 phantasmal warriors (D:14)
  Pikel (D:5)
  A hill giant (D:12)
  An oklob plant (Lair:1)
  A cyclops (D:11)
  4 orc sorcerers
  A deep elf mage (D:13)
  4 ugly things
  A manticore (D:11)
  4 elephants (Lair:3)
  5 black mambas
  3 spiny frogs
  3 komodo dragons (Lair:4)
  3 freezing wraiths
  7 trolls
  A merfolk (D:9)
  Grinder (D:6)
  3 meliai (D:13)
  2 two-headed ogres
  3 blink frogs (Lair:3)
  9 slime creatures
  8 hippogriffs
  Sigmund (D:6)
  A shadow (D:12)
  2 wyverns
  29 yaks
  6 humans (D:7)
  A steam dragon (D:10)
  2 mottled dragons
  2 insubstantial wisps (D:10)
  A soldier ant (D:13)
  5 wargs
  9 water moccasins
  10 porcupines
  2 ice beasts
  34 orc warriors
  5 sky beasts
  An eye of draining (D:10)
  A slave (D:5)
  2 black bears
  16 ogres
  4 wolves (Lair:3)
  8 crocodiles
  3 phantoms
  16 centaurs
  2 big kobolds
  Blork the orc (D:6)
  17 bullfrogs
  A gnoll sergeant (D:5)
  2 wyvern skeletons
  4 scorpions
  16 killer bees
  2 electric eels
  7 howler monkeys
  10 crimson imps
  A quasit (D:10)
  6 jellies
  11 orc priests
  9 hounds
  Crazy Yiuf (D:6)
  2 bullfrog skeletons
  4 centaur skeletons
  3 iguanas
  25 orc wizards
  10 worker ants
  A killer bee zombie (D:6)
  2 hound zombies
  A worker ant zombie (D:8)
  Robin (D:4)
  20 gnolls
  8 adders
  2 shadow imps
  A white imp (D:6)
  An ooze (D:5)
  An adder zombie (D:5)
  An adder skeleton (D:5)
  A worm (D:2)
  A dart slug (D:6)
  5 leopard geckos
  68 orcs
  5 giant cockroaches
  17 goblins
  7 hobgoblins
  13 jackals
  4 quokkas
  A ball python (D:2)
  6 bats
  13 frilled lizards
  A goblin skeleton (D:7)
  2 goblin zombies (D:7)
  3 hobgoblin zombies (D:7)
  A jackal skeleton (D:4)
  A jackal zombie (D:8)
  10 kobolds
  3 kobold skeletons (D:7)
  A leopard gecko skeleton (D:5)
  An orc zombie (D:7)
  6 rats
  2 fungi (Orc:2)
  7 plants
608 creatures vanquished.

Vanquished Creatures (others)
  2 sky beasts
  An orc wizard (D:11)
  9 fungi
  8 plants (Lair:4)
20 creatures vanquished.

Grand Total: 628 creatures vanquished

Notes
Turn   | Place    | Note
-------+----------+-------------------------------------------
     0 | D:1      | galech the Deep Dwarf Fighter began the quest for the Orb.
     0 | D:1      | Reached XP level 1. HP: 20/20 MP: 1/1
   106 | D:1      | Reached XP level 2. HP: 25/27 MP: 2/2
   730 | D:2      | Found an iron altar of Okawaru.
  1160 | D:2      | Reached XP level 3. HP: 34/34 MP: 3/3
  1441 | D:3      | Reached skill level 3 in Axes
  1441 | D:3      | Reached XP level 4. HP: 19/42 MP: 4/4
  1616 | D:3      | Reached skill level 4 in Axes
  1616 | D:3      | Reached skill level 1 in Evocations
  1616 | D:3      | Reached XP level 5. HP: 35/49 MP: 4/4
  1859 | D:3      | Reached skill level 1 in Dodging
  1905 | D:3      | Found a white marble altar of Elyvilon.
  2170 | D:4      | Found Heniaf's Antique Armour Boutique.
  2198 | D:4      | Noticed an ogre
  2206 | D:4      | Killed an ogre
  2206 | D:4      | Reached XP level 6. HP: 29/56 MP: 5/5
  2356 | D:4      | Found an ancient bone altar of Kikubaaqudgha.
  2356 | D:4      | Found a faded altar of an unknown god.
  2361 | D:4      | Found a faded altar of an unknown god.
  2363 | D:4      | Found a faded altar of an unknown god.
  2364 | D:4      | Found a faded altar of an unknown god.
  2382 | D:4      | Reached skill level 5 in Axes
  2465 | D:4      | Found a staircase to the Ecumenical Temple.
  2545 | Temple   | Entered the Ecumenical Temple
  2828 | D:4      | You fall through a shaft for 3 floors!
  2847 | D:7      | Reached XP level 7. HP: 37/63 MP: 5/5
  2848 | D:7      | Noticed galech's ghost (novice DDFi)
  2850 | D:7      | Found a stormy altar of Qazlal.
  2895 | D:7      | Found a glowing golden altar of the Shining One.
  2957 | D:6      | Reached skill level 5 in Shields
  3029 | D:6      | Reached skill level 5 in Armour
  3086 | D:6      | Reached skill level 6 in Axes
  3104 | D:5      | Entered Level 5 of the Dungeon
  3142 | D:5      | Found an opulent altar of Gozag.
  3264 | D:5      | Found a sparkling altar of Nemelex Xobeh.
  3272 | D:5      | Reached XP level 8. HP: 34/72 MP: 6/6
  3418 | D:5      | Reached skill level 7 in Axes
  3477 | D:5      | Found a bloodstained altar of Trog.
  3477 | D:5      | Found a blossoming altar of Fedhas.
  3478 | D:5      | Found a snail-covered altar of Cheibriados.
  3647 | D:5      | Noticed Pikel
  3651 | D:5      | HP: 3/73 [acid (13)]
  3669 | D:5      | Killed Pikel
  3669 | D:5      | Reached skill level 8 in Axes
  3687 | D:5      | Found a shimmering altar of Xom.
  3688 | D:5      | Found a hazy altar of Hepliaklqana.
  3689 | D:5      | Noticed a spectral ugly thing
  3708 | D:5      | Found a burning altar of Makhleb.
  3713 | D:5      | Became a worshipper of Makhleb the Destroyer
  3761 | D:5      | Found a shadowy altar of Dithmenos.
  3769 | D:5      | Noticed a hippogriff
  3779 | D:5      | Killed a hippogriff
  3779 | D:5      | Gained mutation: You passively map the area around you. [Deep Dwarf growth]
  3779 | D:5      | Reached XP level 9. HP: 47/80 MP: 4/4
  3980 | D:4      | Noticed Robin
  3991 | D:4      | Killed Robin
  3991 | D:4      | Reached skill level 5 in Fighting
  4228 | D:6      | Noticed Blork the orc
  4247 | D:6      | Killed Blork the orc
  4329 | D:6      | Noticed Sigmund
  4350 | D:6      | Killed Sigmund
  4374 | D:6      | Noticed Grinder
  4392 | D:6      | Paralysed by Grinder for 3 turns
  4397 | D:6      | Paralysed by Grinder for 4 turns
  4405 | D:6      | Killed Grinder
  4405 | D:6      | Reached skill level 9 in Axes
  4506 | D:6      | Found a runed door.
  4510 | D:6      | Noticed Crazy Yiuf
  4519 | D:6      | Killed Crazy Yiuf
  4650 | D:6      | Reached * piety under Makhleb
  5049 | D:7      | Found Deoneg's Book Boutique.
  5127 | D:7      | Reached ** piety under Makhleb
  5230 | D:7      | Killed galech's ghost
  5230 | D:7      | Reached skill level 10 in Axes
  5254 | D:7      | Reached XP level 10. HP: 53/91 MP: 4/4
  5365 | D:7      | Got a heavy robe
  5376 | D:7      | Identified the cursed +1 robe "Kezyrgh" {MR+} (You found it on level 7 of the Dungeon)
  5993 | D:8      | Reached skill level 11 in Axes
  5997 | D:8      | Gained mutation: You passively map a large area around you. [mutagenic meat]
  5998 | D:8      | Gained mutation: You have a pair of small antennae on your head. [mutagenic meat]
  5999 | D:8      | Gained mutation: You are agile. (Dex +2) [mutagenic meat]
  6000 | D:8      | Gained mutation: You are occasionally teleported next to monsters. [mutagenic meat]
  6001 | D:8      | Lost mutation: You passively map a large area around you. [mutagenic meat]
  6126 | D:8      | Reached *** piety under Makhleb
  6547 | D:9      | Found Liel's Antique Weapon Shop.
  6681 | D:9      | Found a staircase to the Lair.
  6863 | D:9      | Found a staircase to the Orcish Mines.
  7335 | D:9      | Gained mutation: You have sharp toenails. [mutagenic meat]
  7368 | D:9      | Reached skill level 12 in Axes
  7383 | D:9      | Reached **** piety under Makhleb
  7383 | D:9      | Reached XP level 11. HP: 88/100 MP: 3/3
  7732 | D:10     | Entered Level 10 of the Dungeon
  8031 | D:10     | Gained mutation: Your spells are a little easier to cast, but a little less powerful. [mutagenic meat]
  8103 | D:10     | Lost mutation: Your spells are a little easier to cast, but a little less powerful. [mutagenic meat]
  8105 | D:10     | Gained mutation: You have sharp fingernails. [mutagenic meat]
  8106 | D:10     | Gained mutation: Your body sometimes deteriorates upon taking damage. [mutagenic meat]
  8108 | D:10     | Gained mutation: You are resistant to hostile enchantments. (MR+) [mutagenic meat]
  8160 | D:10     | Gained mutation: You are partially covered in rugged brown scales. (AC +1, +3% HP) [mutagenic meat]
  8161 | D:10     | Gained mutation: Your magical capacity is low. (-10% MP) [mutagenic meat]
  8162 | D:10     | Lost mutation: You are resistant to hostile enchantments. (MR+) [mutagenic meat]
  8163 | D:10     | Gained mutation: Your mind is acute. (Int +2) [mutagenic meat]
  8164 | D:10     | Gained mutation: You tend to lose your temper in combat. [mutagenic meat]
  8268 | D:10     | Reached ***** piety under Makhleb
  8487 | D:10     | Found Umemin's Distillery.
  8507 | D:10     | Bought a potion of cure mutation for 350 gold pieces
  8507 | D:10     | Lost mutation: You have sharp toenails. [potion of cure mutation]
  8507 | D:10     | Lost mutation: You tend to lose your temper in combat. [potion of cure mutation]
  8507 | D:10     | Lost mutation: Your mind is acute. (Int +2) [potion of cure mutation]
  8507 | D:10     | Lost mutation: Your body sometimes deteriorates upon taking damage. [potion of cure mutation]
  8507 | D:10     | Lost mutation: You are partially covered in rugged brown scales. (AC +1, +3% HP) [potion of cure mutation]
  8612 | D:10     | Reached skill level 13 in Axes
  8710 | D:10     | Killed an unseen horror
  8954 | D:10     | You fall through a shaft for 3 floors!
  8995 | D:12     | Noticed a cyan ugly thing
  9006 | D:11     | Noticed galech's ghost (journeyman DDFi)
  9031 | D:11     | Killed galech's ghost
  9290 | D:11     | Noticed an orc knight
  9324 | D:11     | Noticed a red ugly thing
  9331 | D:11     | Reached XP level 12. HP: 112/112 MP: 3/3
  9346 | D:11     | Lost mutation: You have a pair of small antennae on your head. [mutagenic meat]
  9374 | D:11     | Reached skill level 14 in Axes
  9400 | D:11     | Gained mutation: You have sharp toenails. [mutagenic meat]
  9852 | D:12     | Reached skill level 10 in Shields
  9862 | D:12     | Gained mutation: You evolve. [mutagenic meat]
  9868 | D:12     | Gained mutation: Your flesh is cold resistant. (rC+) [mutagenic meat]
  9869 | D:12     | Lost mutation: You are agile. (Dex +2) [mutagenic meat]
  9893 | D:12     | Found a snail-covered altar of Cheibriados.
 10371 | D:13     | Noticed a centaur warrior
 10379 | D:13     | Reached ****** piety under Makhleb
 10387 | D:13     | Killed a centaur warrior
 10387 | D:13     | Reached skill level 1 in Stealth
 10449 | D:13     | Noticed a centaur warrior
 10458 | D:13     | Killed a centaur warrior
 10458 | D:13     | Reached skill level 15 in Axes
 10551 | D:13     | Noticed a six-headed hydra
 10665 | D:10     | Gained mutation: You are robust. (+10% HP) [evolution]
 10675 | D:10     | Bought a potion of beneficial mutation for 490 gold pieces
 10675 | D:10     | Gained mutation: You rapidly evolve. [potion of beneficial mutation]
 10791 | Orc:1    | Entered Level 1 of the Orcish Mines
 11027 | Orc:1    | Reached skill level 10 in Armour
 11033 | Orc:1    | Noticed a stone giant
 11049 | Orc:1    | Killed a stone giant
 11049 | Orc:1    | Reached XP level 13. HP: 129/133 MP: 2/2
 11101 | Orc:1    | Noticed Nergalle
 11121 | Orc:1    | Killed Nergalle
 11383 | Orc:2    | Entered Level 2 of the Orcish Mines
 11407 | Orc:2    | Found Ammeth's Antique Armour Shop.
 11417 | Orc:2    | Found a burning altar of Makhleb.
 11427 | Orc:2    | Found Qonee's Book Emporium.
 11644 | Orc:2    | Found Cafuegha's General Store.
 11677 | Orc:2    | Noticed an orc warlord
 11681 | Orc:2    | Paralysed by an orc sorcerer for 6 turns
 11839 | Orc:2    | Killed an orc warlord
 11990 | Orc:2    | Found Zuix's Antique Weapon Shop.
 12037 | Orc:2    | Bought a broad axe for 168 gold pieces
 12052 | Orc:2    | Found a staircase to the Elven Halls.
 12331 | Lair:1   | Entered Level 1 of the Lair of Beasts
 12464 | Lair:1   | Reached skill level 10 in Fighting
 12645 | Lair:1   | Reached skill level 16 in Axes
 13500 | Lair:2   | Found a hole to the Spider Nest.
 13554 | Lair:2   | Found a staircase to the Shoals.
 13742 | Lair:2   | Got a faintly humming scale mail
 13753 | Lair:2   | Identified the +5 scale mail "Pautapruwe" {rPois Dex+2 SInv Stlth+} (You found it on level 2 of the Lair of Beasts)
 14210 | Lair:3   | Found an opulent altar of Gozag.
 14687 | Lair:3   | Gained mutation: Your flesh is very cold resistant. (rC++) [potion of mutation]
 14687 | Lair:3   | Gained mutation: You occasionally shout uncontrollably at your foes. [potion of mutation]
 14687 | Lair:3   | Gained mutation: You have razor-sharp toenails. [potion of mutation]
 14793 | Lair:3   | Gained mutation: You resist negative energy. (rN+) [Deep Dwarf growth]
 14793 | Lair:3   | Reached XP level 14. HP: 146/146 MP: 2/2
 14998 | Lair:4   | Reached skill level 5 in Dodging
 15855 | D:13     | Reached skill level 17 in Axes
 15874 | D:13     | Found a gate to the Vaults.
 16254 | D:14     | Found a sparkling altar of Nemelex Xobeh.
 16363 | D:14     | Found a flagged portal.
 16372 | D:14     | Noticed winWinterter's ghost (journeyman TrHu)
 16400 | D:14     | Mangled by winWinterter's ghost

Skill      XL: |  1  2  3  4  5  6  7  8  9 10 11 12 13 14 |
---------------+-------------------------------------------+-----
Fighting       | 3 4 6 7 8 9 10 | 10.9
Axes           | 3 4 5 6 8 10 12 13 15 16 17 | 17.2
Armour         | 4 5 6 7 8 9 10 11 | 11.2
Shields        | 4 5 6 7 9 10 12 | 12.4
Evocations     | 1 2 3 4 |  4.2
Dodging        | 1 2 3 4 5 |  5.8
Stealth        | 1 2 |  2.9

Action                   |  1- 3 |  4- 6 |  7- 9 | 10-12 | 13-15 || total
-------------------------+-------+-------+-------+-------+-------++-------
Melee: War axe           |   108 |   168 |   406 |  1218 |   245 ||  2145
       Broad axe         |       |       |       |       |   513 ||   513
 Abil: Device Recharging |       |     2 |     6 |     4 |     3 ||    15
Evoke: Wand              |     2 |     9 |    23 |    14 |    20 ||    68
  Use: Scroll            |     4 |     4 |     8 |     6 |    12 ||    34
       Potion            |       |       |     3 |     2 |     7 ||    12
 Stab: Sleeping          |       |       |       |       |     4 ||     4
  Eat: Chunk             |     2 |     5 |     8 |    50 |    13 ||    78
       Bread ration      |       |       |       |       |     1 ||     1
Armor: Scale mail        |    42 |    82 |   120 |       |   251 ||   495
       Plate armour      |       |       |    46 |   470 |   224 ||   740
       Chain mail        |       |       |       |   113 |       ||   113
Dodge: Dodged            |    30 |    57 |   160 |   316 |   357 ||   920
Block: Shield            |    43 |   103 |   241 |   650 |   570 ||  1607
